 Dungeon Crawl Stone Soup version 0.14-a0-1007-gacdcbbe (webtiles) character file.

405 PolkaDot the Magician (level 6, -3/41 HPs)
             Began as a Vampire Conjurer on Nov 22, 2013.
             Slain by Yolobear's ghost (5 damage)
             ... while paralysed by a potion of paralysis
             ... on Level 3 of the Dungeon.
             The game lasted 00:09:38 (3389 turns).

PolkaDot the Magician (Vampire Conjurer)            Turns: 3389, Time: 00:09:38

HP  -3/41        AC  2     Str  7      XL: 6   Next: 13%
MP  15/15        EV  2     Int 27      God:
Gold 105         SH  0     Dex 14      Spells:  4 memorised,  2 levels left

Res.Fire  : . . .   See Invis. : +   l - +1 spear (pierce)
Res.Cold  : . . .   Warding    : .   a - +0 robe
Life Prot.: . . .   Conserve   : .   (no shield)
Res.Poison: .       Res.Corr.  : .   (no helmet)
Res.Elec. : .       Clarity    : .   (no cloak)
Sust.Abil.: . .     Spirit.Shd : .   (no gloves)
Res.Mut.  : .       Stasis     : .   (no boots)
Res.Rott. : .       Flight     : .   (no amulet)
Saprovore : . . .                    (no ring)
                                     h - +3 ring of intelligence

@: paralysed, regenerating very quickly, brilliant, slightly resistant to
hostile enchantments, stealthy
A: bottle blood, fangs 3, see invisible, unbreathing
a: Bottle Blood


You were on level 3 of the Dungeon.
You were almost alive.

You visited 1 branch of the dungeon, and saw 3 of its levels.

You collected 105 gold pieces.

Inventory:

Hand weapons
 l - a +1,+1 spear of piercing (weapon)
Armour
 a - a +0 robe (worn)
Scrolls
 b - a scroll of magic mapping {unknown}
 e - 3 scrolls of remove curse {unknown}
 g - a scroll of curse armour {unknown}
 j - 2 scrolls of recharging {unknown}
 k - a scroll of teleportation {unknown}
 m - 2 scrolls of identify {unknown}
 n - a scroll of blinking {unknown}
 o - a scroll of enchant armour {unknown}
Jewellery
 h - a +3 ring of intelligence (left hand)
Potions
 f - a potion of curing
 i - a potion of brilliance
 p - 2 potions of paralysis
Books
 c - a book of Conjurations

   Spells                             Type                      Level
   *Magic Dart                        Conjuration                  1
   *Searing Ray                       Conjuration                  2
   Dazzling Spray                     Conjuration/Hexes            3
   *Iskenderun's Mystic Blast         Conjuration                  4
   *Iskenderun's Battlesphere         Conjuration/Charms           4
   Fulminant Prism                    Conjuration/Hexes            5


   Skills:
 - Level 2.1 Dodging
 - Level 3.0 Stealth
 - Level 4.3 Spellcasting
 + Level 4.2 Conjurations
 * Level 0.0 Charms


You had 2 spell levels left.
You knew the following spells:

 Your Spells              Type           Power        Failure   Level  Hunger
a - Magic Dart            Conj           ####         1%          1    None
d - Iskenderun's Mystic   Conj           #####...     2%          4    ####...
s - Searing Ray           Conj           #####.       1%          2    None
x - Iskenderun's Battles  Conj/Chrm      ####....     4%          4    ####...


Dungeon Overview and Level Annotations

Branches:
Dungeon (3/16)

Altars:
Trog

Annotations:
D:3 Yolobear's ghost, average TrCK


Innate Abilities, Weirdness & Mutations

Your natural rate of healing is extremely fast.
You can bottle blood from corpses.
You have razor-sharp teeth.*
You have supernaturally acute eyesight.
You can survive without breathing.*


Message History

The floor.
Drink which item? (? for menu, Esc to quit)
Okay, then.
Drink which item? (? for menu, Esc to quit)
You feel much better.
It was a potion of heal wounds.
Drink which item? (? for menu, Esc to quit)
You feel better.
It was a potion of curing.
Drink which item? (? for menu, Esc to quit)
You feel more clever all of a sudden.
It was a potion of brilliance.
Drink which item? (? for menu, Esc to quit)
You suddenly lose the ability to move!
It was a potion of paralysis.
Yolobear's ghost hits you! Yolobear's ghost hits you!
* * * LOW HITPOINT WARNING * * *
The giant gecko bites you but does no damage.
The giant gecko bites you.
* * * LOW HITPOINT WARNING * * *
Yolobear's ghost hits you.
You die...

########...# #.## #...#
#... ### #...## ####
..####....######
#.......#......#
#..###.##......#
#..#...........#
#.###....#.##......#####
#......@................
##...(lp.#######...#.###
#.....#.# #......##
.......#.# ####........
.........####.>.......##
......####..[........##
...># #.#(.......... ...
###.#.........##
..............#


You could see Yolobear's ghost and a giant gecko.

Vanquished Creatures
  A vampire bat (D:3)
  A hound (D:3)
  4 adders
  4 gnolls (D:2)
  A giant mite (D:1)
  An ooze (D:2)
  4 orcs
  2 spectral bats (D:3)
  14 bats
  3 bat skeletons (D:3)
  A bat zombie (D:3)
  3 fire bats (D:3)
  5 giant cockroaches
  4 goblins
  10 hobgoblins
  4 jackals (D:3)
  A quokka (D:2)
  A ball python (D:1)
  A bat simulacrum (D:3)
  A giant gecko (D:1)
  2 giant newts
  5 kobolds
  11 rats
84 creatures vanquished.

Notes
Turn   | Place    | Note
--------------------------------------------------------------
     0 | D:1      | PolkaDot, the Vampire Conjurer, began the quest for the Orb.
     0 | D:1      | Reached XP level 1. HP: 13/13 MP: 4/4
   287 | D:1      | Reached XP level 2. HP: 19/19 MP: 2/5
   317 | D:1      | Learned a level 2 spell: Searing Ray
  1252 | D:2      | Reached XP level 3. HP: 24/24 MP: 2/7
  1734 | D:2      | Reached XP level 4. HP: 30/30 MP: 3/9
  1991 | D:2      | Found a bloodstained altar of Trog.
  2672 | D:3      | Reached XP level 5. HP: 8/35 MP: 2/12
  2928 | D:3      | Reached skill level 4 in Conjurations
  3054 | D:3      | Reached XP level 6. HP: 24/41 MP: 15/15
  3169 | D:3      | Learned a level 4 spell: Iskenderun's Mystic Blast
  3174 | D:3      | Learned a level 4 spell: Iskenderun's Battlesphere
  3381 | D:3      | Noticed Yolobear's ghost (average TrCK)
  3387 | D:3      | Paralysed by a potion of paralysis for 5 turns
  3389 | D:3      | HP: 2/41 [giant gecko (5)]
  3389 | D:3      | Slain by Yolobear's ghost

Action                   |  1- 3 |  4- 6 || total
-------------------------+-------+-------++-------
Melee: Unarmed           |     9 |       ||     9
       Spear             |       |   189 ||   189
 Cast: Magic Dart        |    62 |     4 ||    66
       Searing Ray       |     3 |     6 ||     9
  Use: Potion            |       |     4 ||     4
 Stab: Sleeping          |       |     6 ||     6
